 Dungeon Crawl Stone Soup version 0.20.1-1-g8b1a95d (webtiles) character file.

837 Ijustatesigmund the Skirmisher (level 7, -3/76 HPs)
             Began as an Octopode Fighter on Sept 25, 2017.
             Slain by a sky beast (5 damage)
             ... on level 5 of the Dungeon.
             The game lasted 00:10:52 (5410 turns).

Ijustatesigmund the Skirmisher (Octopode Fighter)   Turns: 5410, Time: 00:10:52

Health: -3/76      AC:  1    Str: 20    XL:     7   Next: 99%
Magic:  7/7        EV: 12    Int: 11    God:
Gold:   308        SH: 11    Dex: 13    Spells: 6/6 levels left

rFire    . . .     SeeInvis .   a - +2 flail
rCold    . . .     Gourm    .   b - +1 shield
rNeg     . . .     Faith    .   (helmet restricted)
rPois    .         Spirit   .   (no amulet)
rElec    .         Reflect  .   f - ring of protection from magic
rCorr    +         Harm     .   t - ring of wizardry
MR       +....                  u - ring of resist corrosion
Stlth    ..........             (no ring)
Regen    0.3/turn               (no ring)
MPRegen  0.1/turn               (no ring)
                                (no ring)
                                (no ring)

@: berserking, very quick
A: almost no armour, stealthy swim, amphibious, 8 rings, constrict 8, camouflage
1, gelatinous body 1
a: no special abilities


You were on level 5 of the Dungeon.
You were hungry.

You visited 1 branch of the dungeon, and saw 5 of its levels.
You also visited: Ossuary.

You collected 308 gold pieces.

Inventory:

Hand Weapons
 a - a +2 flail (weapon)
Missiles
 h - 2 throwing nets (quivered)
Armour
 b - a +1 shield (worn)
Jewellery
 f - a ring of protection from magic (left tentacle)
 t - a ring of wizardry (right tentacle)
 u - a ring of resist corrosion (on tentacle)
Wands
 k - a wand of paralysis (6/24)
 y - a wand of disintegration (13/24)
Scrolls
 g - a scroll of remove curse
 j - a scroll of teleportation
 m - 2 scrolls of magic mapping
 n - 2 scrolls of blinking
 r - a scroll of enchant armour
 v - 2 scrolls of identify
 x - a scroll of fog
Potions
 c - a potion of might
 e - 7 potions of curing
 l - 2 potions of invisibility
 o - 2 potions of lignification
 p - a potion of berserk rage
 q - a potion of flight
 s - a potion of heal wounds {unknown}
 w - a potion of cancellation {unknown}
Comestibles
 d - 3 bread rations
 i - 4 meat rations


   Skills:
 + Level 5.9 Fighting
 + Level 5.9 Maces & Flails
 - Level 3.0 Dodging
 + Level 5.1 Shields


You had 6 spell levels left.
You didn't know any spells.

Dungeon Overview and Level Annotations

Branches:
Dungeon (5/15)
 Temple: D:4-7

Altars:
Kikubaaqudgha
The Shining One


Innate Abilities, Weirdness & Mutations

You cannot wear most types of armour.
You are very stealthy in the water. (Stealth+)
You are amphibious.
You can wear up to eight rings at the same time.
You can use your tentacles to constrict eight enemies at once.
Your skin changes colour to match your surroundings (Stealth+).
Your rubbery body absorbs attacks. (AC +1, EV +1)


Message History

You closely miss the sky beast.
The sky beast hits you but does no damage.
You closely miss the sky beast. Your squeeze misses the sky beast.
The sky beast flickers out of sight!
Deactivating autopickup; reactivate with Ctrl-A.
Something hits you. Something shocks you.
* * * LOW HITPOINT WARNING * * *
A red film seems to cover your vision as you go berserk!
You feel yourself moving faster!
You feel mighty! Something hits you.
* * * LOW HITPOINT WARNING * * *
Something shocks you.
* * * LOW HITPOINT WARNING * * *
You closely miss something. Something hits you.
* * * LOW HITPOINT WARNING * * *
Something shocks you.
* * * LOW HITPOINT WARNING * * *
You thump something! Your squeeze misses something. Something hits you.
* * * LOW HITPOINT WARNING * * *
Something shocks you.
You die...

....##........##.......
....#
#.....##.......... ...#
##########.#...... ...#
##........ #..#
##......... #..#
###.......... #≈.
###....>.......
#{###..............
#@#......#######.#
#......### ### ##....##
#......# ....#.....
.....#####.. .....# #
.....## ....#


There were no monsters in sight!

Vanquished Creatures
  2 scorpions
  3 crimson imps
  3 orc priests
  2 jellies (D:5)
  3 worker ants
  8 big kobold zombies (Ossuary)
  A hound skeleton (D:4)
  A mummy (Ossuary)
  A worker ant zombie (D:5)
  3 gnolls (D:2)
  6 adders
  An adder skeleton (D:4)
  2 worms (D:2)
  2 dart slugs
  3 leopard geckos
  12 orcs
  4 spectral bats (Ossuary)
  3 giant cockroaches
  7 goblins
  5 hobgoblins
  2 jackals (D:4)
  11 kobolds
  3 quokkas
  5 ball pythons
  8 bats
  4 bat simulacra (Ossuary)
  3 frilled lizards
  4 gnoll zombies (Ossuary)
  3 goblin simulacra (Ossuary)
  2 goblin skeletons (D:4)
  6 goblin zombies
  8 hobgoblin zombies
  A jackal skeleton (D:4)
  3 kobold simulacra (Ossuary)
  7 kobold zombies (Ossuary)
  A leopard gecko skeleton (D:5)
  2 orc skeletons (D:4)
  An orc zombie (Ossuary)
  3 rats
  3 rat simulacra (Ossuary)
  3 spectral goblins (Ossuary)
  2 spectral kobolds (Ossuary)
  4 spectral rats (Ossuary)
161 creatures vanquished.

Vanquished Creatures (others)
  3 kobold simulacra (Ossuary)
3 creatures vanquished.

Grand Total: 164 creatures vanquished

Notes
Turn   | Place    | Note
-------+----------+-------------------------------------------
     0 | D:1      | Ijustatesigmund the Octopode Fighter began the quest for the Orb.
     0 | D:1      | Reached XP level 1. HP: 16/16 MP: 1/1
   221 | D:1      | Reached XP level 2. HP: 21/21 MP: 2/2
   800 | D:2      | Reached XP level 3. HP: 18/26 MP: 3/3
  1526 | D:2      | Reached XP level 4. HP: 30/33 MP: 4/4
  2195 | D:3      | Reached XP level 5. HP: 37/37 MP: 5/5
  2731 | D:4      | Found a glowing golden altar of the Shining One.
  2738 | D:4      | Reached XP level 6. HP: 44/44 MP: 6/6
  2792 | D:4      | Found a sand-covered staircase.
  2809 | Ossuary  | Entered an ossuary
  3027 | Ossuary  | Reached skill level 5 in Fighting
  3542 | Ossuary  | Reached XP level 7. HP: 44/50 MP: 7/7
  3549 | Ossuary  | Reached skill level 5 in Maces & Flails
  4547 | D:5      | Entered Level 5 of the Dungeon
  4913 | D:5      | Found an ancient bone altar of Kikubaaqudgha.
  4928 | D:5      | Reached skill level 5 in Shields
  5410 | D:5      | HP: 2/76 [something (3)]
  5410 | D:5      | Slain by a sky beast

Skill      XL: |  1  2  3  4  5  6  7 |
---------------+----------------------+-----
Maces & Flails | 3 4 5 |  5.9
Fighting       | 4 5 |  5.9
Shields        | 4 5 |  5.1
Dodging        | |  3.0

Action                   |  1- 3 |  4- 6 |  7- 9 || total
-------------------------+-------+-------+-------++-------
Melee: Flail             |    67 |   147 |   103 ||   317
       Constrict         |    17 |    29 |    30 ||    76
       Tentacles         |     8 |    27 |    25 ||    60
Evoke: Wand              |       |       |     1 ||     1
  Use: Scroll            |     8 |     2 |     6 ||    16
       Potion            |       |       |     2 ||     2
 Stab: Sleeping          |     6 |    11 |     2 ||    19
  Eat: Chunk             |     1 |     5 |     2 ||     8
       Royal jelly       |       |     1 |     1 ||     2
       Fruit             |       |       |     2 ||     2
Armor: Skin              |     9 |     7 |     2 ||    18
Dodge: Dodged            |    29 |    50 |    32 ||   111
Block: Shield            |    32 |    53 |    42 ||   127
